Map: Oceanborn LE

Players

sugubatul

  • Race: Zerg Zerg
  • Spawn Location: 5:00

A.I. 1 (Elite) - Winner!

  • Race: Terran Terran
  • Spawn Location: 11:00

VOD

Have the link to the VOD?

Description

Time

  • Played on: July 18, 2025, 8:58 a.m.
  • Length: 16:01
Show
View Real Time Build Order
Export as new Build Order

sugubatul Zerg 

Build Orders: Pool First 

Get SALT Encoding   

  12  0:17  Spawning Pool  
  11  0:22  Drone  
  11  0:26  Drone  
  13  0:30  Drone  
  14  0:40  Overlord  
  14  1:05  Zergling x4  
  14  1:06  Zergling x2  
  17  1:17  Drone  
  18  1:21  Hatchery  
  17  1:30  Queen  
  19  1:34  Zergling x2  
  20  1:46  Zergling x2  
  21  1:51  Zergling x2  
  20  2:14  Zergling x2  
  20  2:15  Zergling x2  
  21  2:33  Drone  
  21  2:34  Drone  
  23  2:44  Zergling x2  
  23  2:45  Zergling x8  
  28  2:56  Zergling x2  
  28  2:57  Zergling x4  
  28  3:06  Overlord x2  
  28  3:24  Queen  
  26  3:38  Zergling x2  
  26  3:39  Zergling x10  
  32  3:47  Drone  
  33  3:49  Drone x3  
  33  3:53  Overlord  
  36  3:58  Extractor  
  29  4:10  Drone x2  
  29  4:11  Drone  
  32  4:19  Zergling x2  
  32  4:20  Zergling x2  
  34  4:27  Hatchery  
  34  4:29  Zergling x2  
  34  4:30  Zergling x2  
  35  4:39  Zergling x2  
  35  4:40  Zergling x2  
  35  4:43  Zergling x2  
  35  4:44  Zergling x2  
  35  4:45  Zergling x4  
  41  5:06  Drone  
  45  5:07  Drone x4  
  45  5:09  Extractor  
  45  5:17  Zergling x2  
  45  5:18  Zergling x6  
  47  5:42  Zergling x8  
  46  5:43  Zergling x6  
  49  5:54  Queen  
  51  5:58  Drone x5  
  51  5:59  Overlord, Drone  
  57  6:13  Overlord x2  
  57  6:14  Overlord, Roach Warren  
  56  6:23  Queen  
  58  6:29  Drone x2  
  58  6:30  Drone x2  
  58  6:32  Zergling x6  
  65  6:33  Zergling x2  
  65  6:38  Drone  
  65  6:39  Drone x2  
  69  6:40  Drone  
  70  6:48  Zergling x2  
  70  6:49  Zergling x6  
  70  6:50  Zergling x2  
  61  7:27  Roach  
  61  7:28  Roach x10  
  73  7:44  Zergling x2  
  73  7:45  Zergling x16  
  82  8:13  Extractor  
  82  8:14  Drone  
  82  8:15  Overlord x3, Drone x3  
  82  8:19  Zergling x6  
  88  8:26  Lair  
  88  8:28  Metabolic Boost  
  88  8:38  Extractor  
  87  8:42  Zergling x16  
  95  9:09  Roach x7  
  109  9:10  Zergling x2  
  109  9:11  Zergling x4  
  112  9:35  Evolution Chamber  
  112  9:38  Evolution Chamber  
  110  9:41  Drone x4  
  110  9:42  Overlord x3  
  110  9:44  Extractor  
  113  9:47  Extractor  
  78  10:13  Roach x15  
  106  10:32  Zergling x2  
  106  10:33  Zergling x10  
  106  10:35  Zerg Melee Weapons Level 1  
  112  10:51  Zergling x10  
  117  10:58  Overlord x3  
  118  11:04  Zergling x10  
  118  11:05  Zergling x2  
  123  11:17  Hydralisk Den  
  122  11:22  Hatchery  
  121  11:29  Hatchery  
  120  11:32  Hatchery  
  120  11:33  Zergling x4  
  120  11:34  Zergling x20  
  131  11:47  Drone  
  131  11:48  Drone x4  
  136  12:00  Drone  
  136  12:01  Drone x4  
  138  12:02  Drone x3  
  144  12:09  Zerg Ground Armor Level 1  
  144  12:10  Glial Reconstitution  
  115  12:25  Hydralisk  
  115  12:26  Hydralisk x7  
  131  12:38  Drone x6  
  131  12:39  Drone x4  
  131  12:40  Queen  
  143  13:25  Hydralisk  
  143  13:26  Hydralisk x13  
  159  13:29  Tunneling Claws  
  171  13:36  Zerg Melee Weapons Level 2  
  171  13:39  Overlord  
  171  13:40  Overlord x3  
  164  14:22  Hydralisk  
  164  14:23  Hydralisk x13  
  192  14:50  Hatchery  
  104  15:07  Hydralisk  
  104  15:08  Hydralisk x15  
  104  15:10  Zergling x2  
  104  15:11  Zergling x6  
  130  15:16  Zergling x4  
  105  15:31  Hydralisk x5  
Show
View Real Time Build Order
Export as new Build Order

A.I. 1 (Elite) Terran - Winner!

Build Orders:  

Get SALT Encoding   

  12  0:09  Supply Depot  
  12  0:13  SCV  
  13  0:36  Barracks  
  13  0:42  Barracks  
  13  0:57  Barracks  
  13  0:58  SCV  
  14  1:10  SCV  
  15  1:23  Marine  
  16  1:25  Barracks  
  16  1:29  Marine  
  17  1:41  Marine  
  17  1:44  Marine  
  17  1:47  Marine  
  19  1:53  Supply Depot  
  20  1:59  Marine  
  20  2:04  Marine x2  
  20  2:15  Marine  
  18  2:17  Marine  
  18  2:22  Marine  
  20  2:24  Marine  
  22  2:33  Marine  
  22  2:34  Marine  
  24  2:40  Marine  
  24  2:42  Marine  
  26  2:51  Marine  
  27  2:52  Marine  
  27  2:58  Marine  
  27  3:00  Refinery  
  27  3:03  SCV  
  29  3:15  SCV  
  30  3:27  SCV  
  30  3:29  Supply Depot  
  25  3:39  SCV  
  24  3:52  SCV  
  24  4:03  Factory  
  24  4:04  SCV  
  23  4:16  Marine, SCV  
  25  4:20  Marine  
  26  4:25  Marine  
  26  4:28  Marine, SCV  
  29  4:34  Marine  
  30  4:39  Barracks Tech Lab  
  30  4:40  Orbital Command  
  30  4:46  Marine  
  30  4:49  Factory Tech Lab  
  31  4:55  Supply Depot, Marine  
  32  5:01  Marauder  
  32  5:06  SCV  
  35  5:15  Refinery  
  35  5:16  Stimpack  
  35  5:19  Marine  
  36  5:21  Marine  
  36  5:22  Marauder  
  39  5:33  Supply Depot  
  39  5:37  SCV  
  40  5:44  Marauder  
  43  5:50  SCV  
  43  6:02  SCV  
  44  6:05  Marauder  
  44  6:06  Hellion  
  48  6:13  Supply Depot  
  48  6:17  Command Center  
  48  6:27  Marauder  
  48  6:28  Hellion  
  52  6:48  Marauder  
  52  6:49  Hellion  
  52  6:52  Supply Depot  
  56  7:01  Combat Shield  
  56  7:09  Marauder, Engineering Bay  
  56  7:11  Hellion  
  60  7:30  SCV  
  60  7:31  Marauder  
  60  7:32  Hellion  
  60  7:34  SCV  
  60  7:35  Terran Infantry Armor Level 1  
  66  7:42  SCV  
  67  7:46  SCV  
  68  7:54  SCV  
  68  7:58  SCV  
  70  8:06  SCV  
  70  8:10  SCV  
  72  8:16  Marine x2, Marauder  
  72  8:17  Barracks Tech Lab, Engineering Bay  
  72  8:18  SCV  
  77  8:20  Concussive Shells  
  77  8:24  Supply Depot  
  77  8:32  Command Center  
  77  8:35  Barracks Reactor  
  77  8:36  SCV  
  77  8:39  SCV  
  79  8:45  Terran Infantry Weapons Level 1  
  79  8:48  SCV  
  79  8:49  Marauder  
  79  8:51  SCV  
  83  9:00  SCV  
  83  9:01  Starport  
  84  9:08  Supply Depot, SCV  
  85  9:11  Marine  
  85  9:12  SCV  
  85  9:15  Marine  
  88  9:19  Marauder  
  88  9:20  SCV  
  91  9:32  Orbital Command, Supply Depot  
  91  9:33  Marauder  
  91  9:34  Missile Turret  
  93  9:39  Starport Reactor, Missile Turret  
  93  9:40  Marine  
  93  9:42  Marine x2  
  93  9:44  Marine  
  97  9:46  SCV  
  97  9:48  SCV  
  99  9:57  Missile Turret  
  99  9:58  Hellion, SCV  
  100  10:00  SCV  
  100  10:01  SCV  
  100  10:10  SCV  
  100  10:12  SCV, Missile Turret  
  100  10:13  SCV  
  103  10:15  Medivac  
  103  10:16  Medivac  
  107  10:23  SCV  
  107  10:25  SCV  
  109  10:29  Supply Depot, SCV  
  109  10:33  Marauder  
  109  10:35  Marauder, SCV  
  115  10:37  SCV  
  115  10:41  SCV  
  117  10:45  Viking  
  117  10:46  Medivac  
  117  10:47  SCV  
  117  10:48  Armory  
  117  10:49  Orbital Command  
  122  10:54  Marauder  
  122  10:55  Supply Depot  
  124  10:59  Marauder  
  124  11:02  Missile Turret  
  126  11:09  Refinery  
  126  11:10  Refinery  
  126  11:15  Viking  
  126  11:16  Medivac, Refinery  
  126  11:18  Refinery  
  130  11:19  Supply Depot  
  130  11:22  Missile Turret  
  130  11:32  SCV x2  
  132  11:33  SCV  
  132  11:35  Terran Infantry Weapons Level 2  
  132  11:36  Command Center  
  133  11:43  Missile Turret  
  133  11:44  SCV  
  133  11:45  SCV, Viking  
  133  11:46  Supply Depot, SCV  
  138  11:48  Factory  
  138  11:51  Viking  
  140  11:56  SCV  
  140  11:58  SCV x2  
  143  12:05  Starport  
  143  12:06  Hi-Sec Auto Tracking  
  143  12:08  SCV  
  143  12:10  SCV  
  143  12:11  Supply Depot  
  143  12:13  Hellion  
  143  12:15  Viking  
  149  12:19  Marauder  
  149  12:20  Marauder  
  151  12:32  Factory Tech Lab  
  151  12:33  Viking  
  151  12:36  Armory  
  153  12:37  Supply Depot  
  153  12:41  Starport Tech Lab, Barracks, Marauder, Barracks Tech Lab  
  153  12:42  Marauder  
  157  12:45  Ghost Academy  
  157  12:46  Marine  
  157  12:47  Marine  
  157  12:48  SCV  
  160  12:52  Planetary Fortress  
  160  13:00  Raven, SCV  
  160  13:02  Marauder, Missile Turret  
  160  13:03  Neosteel Armor, Missile Turret  
  160  13:05  Supply Depot  
  164  13:10  Marine x2, Viking  
  164  13:11  Viking  
  170  13:13  Ghost  
  170  13:18  Terran Ship Weapons Level 1, Command Center  
  172  13:22  SCV  
  172  13:25  Ghost  
  176  13:30  Supply Depot  
  176  13:33  Marine  
  176  13:34  Marine, Raven  
  179  13:35  Marine  
  179  13:36  Marine  
  179  13:40  Liberator  
  185  13:42  Marine  
  185  13:45  Refinery  
  185  13:48  Liberator  
  186  13:50  Ghost  
  186  13:52  Marine  
  186  13:53  Refinery  
  193  13:58  SCV  
  193  14:06  SCV  
  193  14:10  Siege Tank  
  193  14:16  Siege Tank  
  199  14:22  Missile Turret  
  199  14:24  Missile Turret  
  199  14:26  Missile Turret  
  199  14:41  Refinery  
  199  14:48  Refinery  
  199  14:49  Siege Tank  
  199  14:51  Siege Tank  
  199  14:52  Command Center, Missile Turret  
  191  14:55  Marine  
  191  14:56  Marine  
  191  14:57  Marine  
  191  14:58  Marine x2  
  191  14:59  Marine  
  171  15:10  Planetary Fortress  
  171  15:12  Missile Turret  
  171  15:13  Marine, Viking  
  174  15:14  Marine, Missile Turret  
  174  15:15  Marine  
  174  15:16  Marine x2, Missile Turret, Viking  
  174  15:17  Marine  
  174  15:20  Viking  
  183  15:21  Siege Tank  
  183  15:23  Siege Tank  
  186  15:30  Marine  
  186  15:32  Marine  
  186  15:34  Marine x2  
Tags
 
Matchup
TvZ
Opening
Pool First
Spawn Locations
Cross Positions
Add a new tag
Caveats
  • Supply blocks, unpowered buildings, or Contaminate may cause inaccurate times.
  • Supply counts are checked every 10 seconds.